MID
LAKE COUNTY CAPTAINS @ KANNAPOLIS INTIMIDATORS
07/13/2044
 
TOP OF THE 1ST
Lake County Captains batting - Pitching for Kannapolis Intimidators : RHP Dan Lay
Pitching: RHP Dan Lay
Batting: RHB Toki Takeuchi 0-0: Foul Ball, location: 2F
0-1: Ball
1-1: Ball
2-1: Foul Ball, location: 2F
2-2: Ball
3-2: Foul Ball, location: 2F
3-2: Strikes out swinging
Batting: LHB Yasuo Igarashi 0-0: Foul Ball, location: 2F
0-1: Foul Ball, location: 2F
0-2: Ball
1-2: Strikes out swinging
Batting: LHB Justin Rankin 0-0: SINGLE (Groundball, 25, EV 68.8 MPH) (infield hit)
Batting: SHB Charlie Diesel 0-0: Called Strike
0-1: Called Strike
0-2: Foul Ball, location: 2F
0-2: Ball
1-2: Strikes out looking
Top of the 1st over - 0 runs, 1 hit, 0 errors, 1 left on base; Lake County 0 - Kannapolis 0
BOTTOM OF THE 1ST
Kannapolis Intimidators batting - Pitching for Lake County Captains : RHP Kensaku Shiba
Pitching: RHP Kensaku Shiba
Batting: LHB John Thurman 0-0: Ball
1-0: Foul Ball, location: 2F
1-1: Foul Ball, location: 2F
1-2: Ball
2-2: Strikes out swinging
Batting: RHB Mike Warzecha 0-0: Ball
1-0: Ball
2-0: Ball
3-0: Base on Balls
Batting: LHB Dustin Taylor 0-0: Ball
Mike Warzecha steals 2nd, throwing error, E2
Mike Warzecha to third
1-0: SINGLE (Line Drive, 89M, EV 112.5 MPH)
Mike Warzecha scores
Batting: LHB Angel Tellez 0-0: Ball
Dustin Taylor steals 2nd base
1-0: Foul Ball, location: 2F
1-1: Ball
2-1: Fly out, F9 (Line Drive, 8RM, EV 93.1 MPH)
Batting: LHB Alberto Carrasco 0-0: Hit by Pitch
Batting: RHB Micah Brown 0-0: Swinging Strike
0-1: Swinging Strike
0-2: Ball
1-2: Fly out, F7 (Flyball, 78S, EV 86.3 MPH)
Bottom of the 1st over - 1 run, 1 hit, 1 error, 2 left on base; Lake County 0 - Kannapolis 1
TOP OF THE 2ND
Lake County Captains batting - Pitching for Kannapolis Intimidators : RHP Dan Lay
Batting: RHB Adrian Martinelli 0-0: DOUBLE (Line Drive, 5D, EV 100.0 MPH)
Batting: LHB Danny Moreno 0-0: Swinging Strike
0-1: Ball
1-1: Ball
2-1: Swinging Strike
2-2: Strikes out swinging
Batting: LHB Ubbe de Bruin 0-0: Ball
1-0: Swinging Strike
1-1: Ball
2-1: Ground out 4-3 (Groundball, 4, EV 98.8 MPH)
Adrian Martinelli to third
Batting: RHB Carsten Koers 0-0: Called Strike
0-1: Foul Ball, location: 2F
0-2: Ball
1-2: Foul Ball, location: 2F
1-2: Strikes out swinging
Top of the 2nd over - 0 runs, 1 hit, 0 errors, 1 left on base; Lake County 0 - Kannapolis 1
BOTTOM OF THE 2ND
Kannapolis Intimidators batting - Pitching for Lake County Captains : RHP Kensaku Shiba
Batting: RHB Benny O'Connor 0-0: Ground out 4-3 (Groundball, 4, EV 79.4 MPH)
Batting: RHB Danny Longoria 0-0: Ball
1-0: Ball
2-0: Ball
3-0: Base on Balls
Batting: RHB Ching-hsia Zhang 0-0: Foul Ball, location: 2F
0-1: Ball
1-1: Ball
2-1: Grounds into double play, 5-4-3 (Groundball, 56S, EV 83.8 MPH)
Bottom of the 2nd over - 0 runs, 0 hits, 0 errors, 0 left on base; Lake County 0 - Kannapolis 1
TOP OF THE 3RD
Lake County Captains batting - Pitching for Kannapolis Intimidators : RHP Dan Lay
Batting: LHB Alan Kelly 0-0: Ball
1-0: Called Strike
1-1: Called Strike
1-2: Fly out, F7 (Flyball, 78S, EV 73.1 MPH)
Batting: RHB Toki Takeuchi 0-0: Ball
1-0: Called Strike
1-1: Foul Ball, location: 2F
1-2: Ground out 4-3 (Groundball, 4MD, EV 88.1 MPH)
Batting: LHB Yasuo Igarashi 0-0: Called Strike
0-1: Called Strike
0-2: Ball
1-2: Foul Ball, location: 2F
1-2: Hit by Pitch
Batting: LHB Justin Rankin 0-0: Ball
1-0: Swinging Strike
1-1: Swinging Strike
1-2: Ball
Yasuo Igarashi steals 2nd base (no throw)
2-2: Ball
3-2: Strikes out looking
Top of the 3rd over - 0 runs, 0 hits, 0 errors, 1 left on base; Lake County 0 - Kannapolis 1
BOTTOM OF THE 3RD
Kannapolis Intimidators batting - Pitching for Lake County Captains : RHP Kensaku Shiba
Batting: LHB John Thurman 0-0: Fly out, F9 (Flyball, 9, EV 97.5 MPH)
Batting: RHB Mike Warzecha 0-0: Called Strike
0-1: Ground out 6-3 (Groundball, 6, EV 81.9 MPH)
Batting: LHB Dustin Taylor 0-0: Ball
1-0: Ball
2-0: Fly out, F6 (Flyball, 6D, EV 81.9 MPH)
Bottom of the 3rd over - 0 runs, 0 hits, 0 errors, 0 left on base; Lake County 0 - Kannapolis 1
TOP OF THE 4TH
Lake County Captains batting - Pitching for Kannapolis Intimidators : RHP Dan Lay
Batting: SHB Charlie Diesel 0-0: Called Strike
0-1: Called Strike
0-2: DOUBLE (Groundball, 3L, EV 104.4 MPH)
Batting: RHB Adrian Martinelli 0-0: Called Strike
0-1: DOUBLE (Groundball, 5L, EV 105.6 MPH)
Charlie Diesel scores
Batting: LHB Danny Moreno 0-0: Swinging Strike
0-1: SINGLE (Line Drive, 8RS, EV 100.6 MPH)
Adrian Martinelli to third
Batting: LHB Ubbe de Bruin 0-0: Foul Ball, location: 2F
0-1: Ball
1-1: Foul Ball, location: 2F
1-2: Foul Ball, location: 2F
1-2: Ball
2-2: Fielders Choice at 2nd, 5-4 (Groundball, 5, EV 81.9 MPH)
Adrian Martinelli scores
Batting: RHB Carsten Koers 0-0: Ball
1-0: Fielders Choice at 2nd, 5-4 (Groundball, 56S, EV 89.4 MPH)
Batting: LHB Alan Kelly 0-0: Called Strike
0-1: Called Strike
0-2: Ball
1-2: Fly out, F7 (Line Drive, 7, EV 101.9 MPH)
Top of the 4th over - 2 runs, 3 hits, 0 errors, 1 left on base; Lake County 2 - Kannapolis 1
BOTTOM OF THE 4TH
Kannapolis Intimidators batting - Pitching for Lake County Captains : RHP Kensaku Shiba
Batting: LHB Angel Tellez 0-0: Ball
1-0: Ball
2-0: Ball
3-0: Called Strike
3-1: Base on Balls
Batting: LHB Alberto Carrasco 0-0: Ball
1-0: Ball
2-0: Ball
3-0: Foul Ball, location: 2F
3-1: Base on Balls
Angel Tellez to second
Batting: RHB Micah Brown 0-0: Foul Ball, location: 2F
0-1: Ball
1-1: Foul Ball, location: 2F
1-2: DOUBLE (Line Drive, 9LM, EV 108.8 MPH)
Angel Tellez scores
Alberto Carrasco to third
Batting: RHB Benny O'Connor 0-0: Reached on error, E4 (Groundball, 4, EV 105.0 MPH)
Alberto Carrasco scores
Micah Brown to third
Batting: RHB Danny Longoria 0-0: Ball
1-0: Ball
2-0: Ball
3-0: Called Strike
3-1: Base on Balls
Benny O'Connor to second
Batting: RHB Ching-hsia Zhang 0-0: Called Strike
0-1: Ball
1-1: Foul Ball, location: 2F
1-2: Strikes out swinging
Batting: LHB John Thurman 0-0: Ball
1-0: Ball
2-0: SINGLE (Groundball, 13S, EV 71.9 MPH) (infield hit)
Micah Brown scores
Benny O'Connor to third
Danny Longoria to second
Batting: RHB Mike Warzecha 0-0: Called Strike
0-1: Called Strike
0-2: Strikes out swinging
Batting: LHB Dustin Taylor 0-0: Ball
1-0: Foul Ball, location: 2F
1-1: Ball
2-1: TRIPLE (Flyball, 89XD, EV 112.5 MPH)
Benny O'Connor scores
Danny Longoria scores
John Thurman scores
Pitching: LHP Aaron Manees
Batting: LHB Angel Tellez 0-0: Called Strike
0-1: Called Strike
0-2: Foul Ball, location: 2F
0-2: Ball
1-2: Strikes out swinging
Bottom of the 4th over - 6 runs, 3 hits, 1 error, 1 left on base; Lake County 2 - Kannapolis 7
TOP OF THE 5TH
Lake County Captains batting - Pitching for Kannapolis Intimidators : RHP Dan Lay
Batting: RHB Toki Takeuchi 0-0: Foul Ball, location: 2F
0-1: Ball
1-1: Foul Ball, location: 2F
1-2: Ground out 5-3 (Groundball, 56, EV 84.4 MPH)
Batting: LHB Yasuo Igarashi 0-0: Ball
1-0: Fly out, F7 (Flyball, 7, EV 84.4 MPH)
Batting: LHB Justin Rankin 0-0: Ground out 4-3 (Groundball, 4M, EV 84.4 MPH)
Top of the 5th over - 0 runs, 0 hits, 0 errors, 0 left on base; Lake County 2 - Kannapolis 7
BOTTOM OF THE 5TH
Kannapolis Intimidators batting - Pitching for Lake County Captains : LHP Aaron Manees
Batting: LHB Alberto Carrasco 0-0: Ball
1-0: SINGLE (Groundball, 34D, EV 109.4 MPH)
Batting: RHB Micah Brown 0-0: Called Strike
0-1: Fielders Choice at 2nd, 6-4 (Groundball, 56D, EV 78.8 MPH)
Batting: RHB Benny O'Connor 0-0: Called Strike
0-1: Hit by Pitch
Micah Brown to second
Batting: RHB Danny Longoria 0-0: Called Strike
0-1: Called Strike
0-2: Strikes out swinging
Batting: RHB Ching-hsia Zhang 0-0: Called Strike
0-1: Foul Ball, location: 2F
0-2: Strikes out swinging
Bottom of the 5th over - 0 runs, 1 hit, 0 errors, 2 left on base; Lake County 2 - Kannapolis 7
TOP OF THE 6TH
Lake County Captains batting - Pitching for Kannapolis Intimidators : RHP Dan Lay
Batting: SHB Charlie Diesel 0-0: Called Strike
0-1: Ball
1-1: Ball
2-1: Ball
3-1: Base on Balls
Batting: RHB Adrian Martinelli 0-0: Foul Ball, location: 2F
0-1: Ball
1-1: Ball
2-1: Fielders Choice at 2nd, 3-6 (Groundball, 3, EV 104.4 MPH)
Batting: LHB Danny Moreno 0-0: SINGLE (Line Drive, 8LS, EV 87.5 MPH)
Adrian Martinelli to second
Batting: LHB Ubbe de Bruin 0-0: Foul Ball, location: 2F
0-1: Swinging Strike
0-2: Ball
1-2: Fly out, F3 (Line Drive, 3, EV 71.9 MPH)
Lined into DP, U3 (Line Drive, 3, EV 74.4 MPH)
Top of the 6th over - 0 runs, 1 hit, 0 errors, 1 left on base; Lake County 2 - Kannapolis 7
BOTTOM OF THE 6TH
Kannapolis Intimidators batting - Pitching for Lake County Captains : LHP Aaron Manees
Batting: LHB John Thurman 0-0: Fly out, F7 (Flyball, 7S, EV 89.4 MPH)
Batting: RHB Mike Warzecha 0-0: Called Strike
0-1: Ball
1-1: Ball
2-1: SINGLE (Groundball, 6M, EV 102.5 MPH)
Batting: LHB Dustin Taylor 0-0: Ball
1-0: Ball
2-0: Ball
3-0: Fly out, F7 (Flyball, 7LM, EV 86.9 MPH)
Batting: LHB Angel Tellez 0-0: Ball
1-0: Swinging Strike
1-1: SINGLE (Groundball, 56D, EV 110.6 MPH)
Mike Warzecha to second
Batting: LHB Alberto Carrasco 0-0: Fly out, F8 (Line Drive, 8RM, EV 84.4 MPH)
Bottom of the 6th over - 0 runs, 2 hits, 0 errors, 2 left on base; Lake County 2 - Kannapolis 7
TOP OF THE 7TH
Lake County Captains batting - Pitching for Kannapolis Intimidators : RHP Dan Lay
Pitching: LHP Donald Brannon
Batting: RHB Carsten Koers 0-0: Called Strike
0-1: Ball
1-1: Ball
2-1: Ball
3-1: Foul Ball, location: 2F
3-2: Foul Ball, location: 2F
3-2: Foul Ball, location: 2F
3-2: Base on Balls
Batting: LHB Alan Kelly 0-0: Called Strike
0-1: Grounds into double play, 4-6-3 (Groundball, 4, EV 105.6 MPH)
Batting: RHB Toki Takeuchi 0-0: Called Strike
0-1: Ball
1-1: Ground out 6-3 (Groundball, 6, EV 98.1 MPH)
Top of the 7th over - 0 runs, 0 hits, 0 errors, 0 left on base; Lake County 2 - Kannapolis 7
BOTTOM OF THE 7TH
Kannapolis Intimidators batting - Pitching for Lake County Captains : LHP Aaron Manees
Batting: RHB Micah Brown 0-0: Called Strike
0-1: Foul Ball, location: 2F
0-2: Ball
1-2: Foul Ball, location: 2F
1-2: Foul Ball, location: 2F
1-2: Ground out U3 (Groundball, 34, EV 85.0 MPH)
Pitching: RHP Tatsuhito Shiota
Batting: RHB Benny O'Connor 0-0: Called Strike
0-1: Foul Ball, location: 2F
0-2: Ball
1-2: Strikes out swinging
Batting: RHB Danny Longoria 0-0: Swinging Strike
0-1: Ball
1-1: Foul Ball, location: 2F
1-2: Ball
2-2: Fly out, F7 (Flyball, 7LM, EV 94.4 MPH)
Bottom of the 7th over - 0 runs, 0 hits, 0 errors, 0 left on base; Lake County 2 - Kannapolis 7
TOP OF THE 8TH
Lake County Captains batting - Pitching for Kannapolis Intimidators : LHP Donald Brannon
Batting: LHB Yasuo Igarashi 0-0: Ball
1-0: Called Strike
1-1: Called Strike
1-2: DOUBLE (Line Drive, 7LM, EV 94.4 MPH)
Batting: LHB Justin Rankin 0-0: Ball
1-0: Ball
2-0: Called Strike
2-1: Ball
3-1: Base on Balls
Batting: SHB Charlie Diesel 0-0: Foul Ball, location: 2F
0-1: Ball
1-1: Ball
2-1: Ball
3-1: DOUBLE (Groundball, 5L, EV 103.8 MPH)
Yasuo Igarashi scores
Justin Rankin to third
Batting: RHB Adrian Martinelli 0-0: Ball
1-0: Ball
2-0: Fly out, F4 (Popup, 23, EV 80.6 MPH)
Batting: LHB Danny Moreno 0-0: Ball
1-0: Ball
2-0: Ball
3-0: Base on Balls
Pitching: RHP Tony Arriaga
Batting: LHB Ubbe de Bruin 0-0: Swinging Strike
0-1: Ball
1-1: Ball
2-1: Foul Ball, location: 2F
2-2: Strikes out swinging
Batting: RHB Carsten Koers 0-0: Ball
1-0: Ground out 4-3 (Groundball, 4, EV 91.9 MPH)
Top of the 8th over - 1 run, 2 hits, 0 errors, 3 left on base; Lake County 3 - Kannapolis 7
BOTTOM OF THE 8TH
Kannapolis Intimidators batting - Pitching for Lake County Captains : RHP Tatsuhito Shiota
Pitching: RHP En-guo Tsu
Batting: RHB Ching-hsia Zhang 0-0: Called Strike
0-1: Ground out 4-3 (Groundball, 4, EV 99.4 MPH)
Batting: LHB John Thurman 0-0: Ball
1-0: SINGLE (Groundball, 34S, EV 64.4 MPH) (infield hit)
Batting: RHB Mike Warzecha 0-0: Called Strike
0-1: Ball
John Thurman steals 2nd, throwing error, E2
John Thurman to third
1-1: Foul Ball, location: 2F
1-2: Ball
2-2: Ground out 4-3 (Groundball, 4, EV 81.9 MPH)
John Thurman scores
Batting: LHB Dustin Taylor 0-0: Ball
1-0: Foul Ball, location: 2F
1-1: Swinging Strike
1-2: Ground out 4-3 (Groundball, 4M, EV 100.0 MPH)
Bottom of the 8th over - 1 run, 1 hit, 1 error, 0 left on base; Lake County 3 - Kannapolis 8
TOP OF THE 9TH
Lake County Captains batting - Pitching for Kannapolis Intimidators : RHP Tony Arriaga
Batting: LHB Alan Kelly 0-0: Ball
1-0: SINGLE (Line Drive, 9LS, EV 101.9 MPH)
Batting: RHB Toki Takeuchi 0-0: Called Strike
0-1: Swinging Strike
0-2: Ball
1-2: Ball
2-2: Strikes out looking
Batting: LHB Yasuo Igarashi 0-0: Called Strike
0-1: Ball
1-1: Ball
2-1: Ground out U3 (Groundball, 34S, EV 65.6 MPH)
Alan Kelly to second
Batting: LHB Justin Rankin 0-0: Swinging Strike
0-1: Ball
1-1: Ball
2-1: Called Strike
2-2: Ball
3-2: Strikes out swinging
Top of the 9th over - 0 runs, 1 hit, 0 errors, 1 left on base; Lake County 3 - Kannapolis 8
Thursday, March 31st , 2022 - OOTP Baseball 22.12 Build 89